 Dungeon Crawl Stone Soup version 0.24-a0-317-g5cb8de4b22 (webtiles) character file.

Game seed: 8558445308237360158

4055 HAL9000 the Slicer (level 10, -1/46 HPs)
             Began as a Vine Stalker Assassin on May 16, 2019.
             Slain by a hound (4 damage)
             ... on level 8 of the Dungeon.
             The game lasted 00:17:58 (9166 turns).

HAL9000 the Slicer (Vine Stalker Assassin)          Turns: 9166, Time: 00:17:58

Health: -1/46      AC:  5    Str: 14    XL:     10   Next: 25%
Magic:  0/20       EV: 11    Int: 17    God:
Gold:   336        SH:  0    Dex: 18    Spells: 22/22 levels left

rFire    . . .     SeeInvis .   a - +2 dagger
rCold    + . .     Gourm    .   (no shield)
rNeg     . . .     Faith    .   m - +1 leather armour {rPois}
rPois    +         Spirit   +   (no helmet)
rElec    .         Reflect  .   c - +0 cloak
rCorr    .         Harm     .   (no gloves)
MR       +....                  (no boots)
Stlth    ++++......             n - amulet of magic regeneration
HPRegen  0.55/turn              s - +5 ring of intelligence
MPRegen  0.42/turn              v - ring of protection from cold

@: no status effects
A: fangs 3, regeneration 1, magic shield, antimagic bite, no potion heal 3, rot
immunity
a: no special abilities


You were on level 8 of the Dungeon.
You were not hungry.

You visited 2 branches of the dungeon, and saw 9 of its levels.

You collected 336 gold pieces.

Inventory:

Hand Weapons
 a - a +2 dagger (weapon)
Missiles
 d - 30 poisoned darts
 e - a curare-tipped dart
 D - 2 atropa-tipped darts (quivered)
Armour
 c - a +0 cloak (worn)
 m - a +1 leather armour of poison resistance (worn)
 B - a +1 leather armour of fire resistance
Jewellery
 n - an amulet of magic regeneration (around neck)
 s - a +5 ring of intelligence (left hand)
 v - a ring of protection from cold (right hand)
 z - an uncursed amulet of faith
Wands
 i - a wand of flame (15)
 o - a wand of random effects (15)
Scrolls
 g - a scroll of enchant armour {unknown}
 h - 7 scrolls of remove curse
 j - 7 scrolls of teleportation
 l - 2 scrolls of fog {unknown}
 p - 2 scrolls of immolation {unknown}
 r - a scroll of random uselessness {unknown}
 u - a scroll of magic mapping {unknown}
 w - 4 scrolls of enchant weapon {unknown}
 y - 4 scrolls of noise {unknown}
 A - 2 scrolls of amnesia {unknown}
 C - a scroll of identify
Potions
 b - a potion of magic {unknown}
 k - 2 potions of brilliance {unknown}
 q - 3 potions of cancellation
 t - 2 potions of flight
 x - 3 potions of mutation {unknown}
 E - a potion of berserk rage {unknown}
Comestibles
 f - 14 rations


   Skills:
 - Level 1.7 Fighting
 - Level 10.7 Short Blades
 - Level 1.7 Throwing
 - Level 0.7 Dodging
 + Level 8.8 Stealth
 * Level 6.6 Spellcasting


You had 22 spell levels left.
You didn't know any spells.
Your spell library contained the following spells:

 Spells                   Type           Power        Failure   Level  Hunger
 Animate Skeleton         Necr           N/A          16%         1    None
 Apportation              Tloc           #.....       16%         1    None
 Beastly Appendage        Tmut           #.....       16%         1    None
 Confusing Touch          Hex            #.....       16%         1    None
 Magic Dart               Conj           #...         16%         1    None
 Summon Small Mammal      Summ           #...         16%         1    None
 Blink                    Tloc           N/A          24%         2    None
 Call Imp                 Summ           #.......     24%         2    None
 Slow                     Hex            #.......     24%         2    None
 Sticks to Snakes         Tmut           #.......     24%         2    None
 Conjure Flame            Conj/Fire      #.......     43%         3    ##.....
 Mephitic Cloud           Conj/Pois/Air  #.......     43%         3    ##.....
 Spider Form              Tmut/Pois      #.........   43%         3    ##.....
 Ice Form                 Ice/Tmut       #.......     83%         4    ####...
 Blade Hands              Tmut           #.........   99%         5    #####..


Dungeon Overview and Level Annotations

Branches:
Dungeon (8/15)             Temple (1/1) D:4
   Lair: D:8-11

Altars:
Elyvilon
Fedhas
Gozag
Hepliaklqana
Kikubaaqudgha
Makhleb
Nemelex Xobeh
Okawaru
Qazlal
Ru
Sif Muna
Trog
Uskayaw
Vehumet
Wu Jian
Xom
Yredelemnul
Zin
The Shining One

Shops:
D:4 (

Annotations:
D:8 Grum


Innate Abilities, Weirdness & Mutations

You have razor-sharp teeth.
Your natural rate of healing is unusually fast.
When hurt, damage is shared between your health and your magic reserves.
Your bite disrupts and absorbs the magic of your enemies.
Potions cannot restore your health.
You are immune to rotting.


Message History

* * * LOW HITPOINT WARNING * * *
You see here an atropa-tipped dart.
Grum cheerfully says, "No dog meat for Grum tonight!"
Things that are here:
18 arrows; a +0 shortbow; a centaur skeleton You see here a wolf skeleton.
Grum hits you from afar with a +1 halberd of flaming!
* * * LOW HITPOINT WARNING * * *
Grum burns you!
* * * LOW HITPOINT WARNING * * *
The hound barks!
A crimson imp comes into view.
The crimson imp shouts!
The hound closely misses you. The hound bites you.
* * * LOW HITPOINT WARNING * * *
The hound bites you.
* * * LOW HITPOINT WARNING * * *
The crimson imp blinks!
The hound bites you.
You die...

#.####..## #.###)....#..###
#........# #.##.........# #
########...#####.##.......###
# ....# #..(...............#
# ###.####...####..##......##
# ###..............)......##
# ...............(....#..## .
# .##..............##.#..##.#
# ....####...####.@##.......
# .#### #.....<..§h.....###
.# #..5#####..g....# .# #...#
######.#### #### .########.##
#.......#### #.(( ..........
#.####.....## #.## ...#####..
#.(....# #.## †...#
#......#####(## ...#..<.
##......÷(.....


You could see Grum, a hound and a crimson imp.

Vanquished Creatures
  A tengu warrior (D:8)
  Pikel (D:6)
  A hippogriff (D:8)
  Eustachio (D:6)
  Edmund (D:6)
  2 phantoms
  A black bear (D:8)
  2 slaves (D:6)
  A sky beast (D:8)
  2 ice beasts
  An orc warrior (D:6)
  3 ogres
  3 wolves (D:8)
  3 centaurs
  2 bullfrogs
  A scorpion (D:8)
  A vampire bat (D:6)
  2 howler monkeys (D:4)
  A centaur zombie (D:7)
  A jelly (D:7)
  An orc priest (D:5)
  5 hounds
  A centaur skeleton (D:6)
  2 worker ants
  4 iguanas
  5 orc wizards
  Terence (D:3)
  A killer bee zombie (D:7)
  A worker ant zombie (D:8)
  A howler monkey skeleton (D:5)
  8 adders
  A shadow imp (D:8)
  3 worms
  3 dart slugs
  4 leopard geckos
  19 orcs
  4 ball pythons
  3 bat skeletons (D:6)
  3 bat zombies (D:6)
  12 giant cockroaches
  8 hobgoblins
  23 jackals
  11 kobolds
  5 quokkas
  9 bats
  3 frilled lizards
  10 goblins
  A jackal zombie (D:5)
  A quokka skeleton (D:4)
  14 rats
198 creatures vanquished.

Vanquished Creatures (others)
  5 plants (D:8)
5 creatures vanquished.

Grand Total: 203 creatures vanquished

Notes
Turn   | Place    | Note
-------+----------+-------------------------------------------
     0 | D:1      | HAL9000 the Vine Stalker Assassin began the quest for the
                  | Orb.
     0 | D:1      | Reached XP level 1. HP: 11/11 MP: 2/2
    78 | D:1      | Reached skill level 2 in Short Blades
   265 | D:1      | Reached XP level 2. HP: 15/15 MP: 3/3
   540 | D:1      | Reached skill level 3 in Short Blades
   630 | D:1      | Reached XP level 3. HP: 15/18 MP: 4/4
  1850 | D:2      | Gained mutation: Your natural rate of healing is unusually
                  | fast. [Vine Stalker growth]
  1850 | D:2      | Reached XP level 4. HP: 22/23 MP: 5/5
  2135 | D:2      | Reached skill level 4 in Short Blades
  2880 | D:3      | Reached XP level 5. HP: 26/26 MP: 6/6
  3032 | D:3      | Noticed an ogre
  3059 | D:3      | Killed an ogre
  3059 | D:3      | Reached skill level 5 in Short Blades
  3182 | D:3      | Noticed Terence
  3208 | D:3      | Killed Terence
  3208 | D:3      | Reached XP level 6. HP: 30/30 MP: 7/7
  3740 | D:4      | Reached skill level 6 in Short Blades
  4011 | D:4      | Found Ehipn's Weapon Boutique.
  4133 | D:4      | Found a staircase to the Ecumenical Temple.
  4186 | Temple   | Entered the Ecumenical Temple
  4451 | D:4      | Found a glowing golden altar of the Shining One.
  4666 | D:4      | Found a sparkling altar of Nemelex Xobeh.
  4825 | D:4      | Reached XP level 7. HP: 31/34 MP: 8/8
  4965 | D:5      | Entered Level 5 of the Dungeon
  5035 | D:5      | Reached skill level 7 in Short Blades
  5539 | D:5      | Found a glowing silver altar of Zin.
  5832 | D:6      | Noticed Eustachio
  6011 | D:6      | Reached skill level 8 in Short Blades
  6070 | D:6      | Gained mutation: You have razor-sharp teeth. [Vine Stalker
                  | growth]
  6070 | D:6      | Reached XP level 8. HP: 7/38 MP: 6/9
  6165 | D:6      | Noticed Pikel
  6165 | D:6      | Noticed Edmund
  6301 | D:6      | Killed Eustachio
  6301 | D:6      | Reached skill level 9 in Short Blades
  6481 | D:6      | Found a sacrificial altar of Ru.
  6786 | D:6      | Killed Pikel
  6786 | D:6      | Reached skill level 10 in Short Blades
  6786 | D:6      | Reached XP level 9. HP: 27/42 MP: 7/10
  6826 | D:6      | Killed Edmund
  6925 | D:6      | Found a blossoming altar of Fedhas.
  7122 | D:6      | Found an ancient bone altar of Kikubaaqudgha.
  7199 | D:7      | Reached skill level 5 in Stealth
  7240 | D:6      | Reached skill level 1 in Spellcasting
  8469 | D:8      | Noticed a tengu warrior
  8716 | D:8      | Reached skill level 5 in Spellcasting
  8809 | D:8      | Noticed Grum
  8826 | D:8      | Reached XP level 10. HP: 10/46 MP: 6/19
  8991 | D:8      | Killed a tengu warrior
  9166 | D:8      | Slain by a hound

Levels and vault maps discovered:
D:1:      saegor_arrival_under_anarchy, layout_basic, serial_rivers,
          chequers_serial_rivers_small_3, chequers_serial_rivers_micro_d,
          chequers_serial_rivers_micro_c, chequers_serial_rivers_micro_b,
          chequers_serial_rivers_small_b, kennysheep_another_room,
          dk_noncrumbling_3
D:2:      minmay_evil_eye, layout_basic, chequers_serial_rivers_room_a
D:3:      layout_loops_cross, portal_sewer_entry_b, uniq_terence
D:4:      layout_loops_ring, nemelex_xobeh_ov_fountains_minmay, tso_altar,
          minmay_temple_entry_junction_2, serial_shops,
          nicolae_shop_temple_entry_statues_fountains
D:5:      layout_loops_cross, basic_altar, first_ration,
          hangedman_decor_peaks_small
D:6:      layout_basic, nicolae_ru_great_annihilating_truth,
          kennysheep_vampire_church, overflow_temple_1_default,
          minmay_misc_feat_enclosed, uniq_pikel, uniq_eustachio, uniq_edmund
D:7:      layout_basic, hex_medium
D:8:      layout_loops_cross, grunt_dithmenos_shadows, minmay_shattered_shrine,
          uniq_grum
Temple:   nicolae_temple_figure_eight

Skill      XL: |  1  2  3  4  5  6  7  8  9 10 |
---------------+-------------------------------+-----
Short Blades   | 2 3 4 5 6 8 10 | 10.7
Stealth        | 7 8 |  8.8
Spellcasting   | 5 6 |  6.6
Fighting       | |  1.7
Throwing       | |  1.7
Dodging        | |  0.7

Action                   |  1- 3 |  4- 6 |  7- 9 | 10-12 || total
-------------------------+-------+-------+-------+-------++-------
Melee: Dagger            |   113 |   259 |   472 |    47 ||   891
       Bite              |    20 |    86 |   172 |    10 ||   288
Throw: Dart              |       |     4 |    21 |     5 ||    30
Evoke: Wand              |       |       |     7 |     2 ||     9
  Use: Scroll            |     1 |       |     9 |       ||    10
       Potion            |       |       |     2 |     1 ||     3
 Stab: Sleeping          |    15 |     8 |    10 |       ||    33
       Invisible         |       |       |     8 |       ||     8
       Paralysed         |       |       |     1 |       ||     1
       Confused          |       |       |     3 |       ||     3
  Eat: Chunk             |     3 |     9 |    13 |     1 ||    26
Armor: Robe              |    23 |       |       |       ||    23
       Leather armour    |     2 |    60 |    83 |     3 ||   148
Dodge: Dodged            |    65 |   109 |   192 |    14 ||   380

Table legend:
 A = Non-vault XP
 B = Vault XP
 C = Vault XP percentage of total XP
 D = Non-vault monster count
 E = Vault monster count
 F = Vault count percentage of total count
                 A         B        C        D         E       F
            +---------+---------+-------+---------+---------+-------
      Total |    3298 |    2496 |  43.1 |     162 |      34 |  17.3
            +---------+---------+-------+---------+---------+-------
        D:1 |      59 |       0 |   0.0 |      34 |       0 |   0.0
        D:2 |      85 |       5 |   5.6 |      23 |       3 |  11.5
        D:3 |     182 |      46 |  20.2 |      23 |      10 |  30.3
        D:4 |     257 |       0 |   0.0 |      21 |       0 |   0.0
        D:5 |     525 |       0 |   0.0 |      22 |       0 |   0.0
        D:6 |     475 |    1107 |  70.0 |      14 |      14 |  50.0
        D:7 |     485 |       0 |   0.0 |      11 |       0 |   0.0
        D:8 |    1230 |    1338 |  52.1 |      14 |       7 |  33.3
            +---------+---------+-------+---------+---------+-------
